 Dungeon Crawl Stone Soup version 0.14-a0-1413-g94b8a5e (webtiles) character file.

101 Drahman the Vexing (level 3, -8/16 HPs)
             Began as a Spriggan Enchanter on Dec 11, 2013.
             Was an Initiate of the Shining One (penitent).
             Mangled by a worm (9 damage)
             ... on Level 2 of the Dungeon.
             The game lasted 00:03:02 (1007 turns).

Drahman the Vexing (Spriggan Enchanter)             Turns: 1007, Time: 00:03:02

HP  -8/16        AC  3     Str  5      XL: 3   Next: 14%
MP   9/9         EV 17     Int 16      God: *the Shining One
Gold 67          SH  0     Dex 16      Spells:  2 memorised,  4 levels left

rFire  . . .     SeeInvis +     k - +0,+1 dagger (drain)
rCold  . . .     Clarity  .     b - +1 robe
rNeg   . . .     Conserve .     (shield restricted)
rPois  .         rCorr    .     (helmet restricted)
rElec  .         rRot     .     (no cloak)
SustAb . .       Spirit   .     (gloves unavailable)
rMut   .         Warding  .     (boots unavailable)
Saprov . . .     Stasis   .     (no amulet)
                                (no ring)
                                (no ring)

@: drained, very quick, slightly resistant to hostile enchantments, stealthy
A: unfitting armour, see invisible, herbivore 3, speed 3, slow metabolism 2
a: Renounce Religion


You were on level 2 of the Dungeon.
You worshipped the Shining One. the Shining One was demanding penance.
You were not hungry.

You visited 1 branch of the dungeon, and saw 2 of its levels.

You collected 67 gold pieces.

Inventory:

Hand weapons
 a - a +1,+1 dagger
 k - a +0,+1 dagger of draining (weapon)
Missiles
 d - 12 darts (quivered)
Armour
 b - a +1 robe (worn)
Comestibles
 l - a choko
Scrolls
 f - a scroll of curse weapon {unknown}
 h - a scroll of blinking {unknown}
 i - a scroll of random uselessness {unknown}
 m - a scroll of remove curse {unknown}
Jewellery
 o - an uncursed amulet of stasis {unknown}
Potions
 e - a potion of porridge
 g - a potion of experience {unknown}
 j - a potion of magic {unknown}
 n - a potion of brilliance {unknown}
Books
 c - a book of Maledictions

   Spells                             Type                      Level
   *Corona                            Hexes                        1
   Sure Blade                         Hexes/Charms                 2
   *Ensorcelled Hibernation           Hexes/Ice                    2
   Confuse                            Hexes                        3
   Enslavement                        Hexes                        4
   Invisibility                       Hexes                        6


   Skills:
 * Level 2.4(1.9) Short Blades
 - Level 1.1(0.6) Throwing
 - Level 3.0(2.4) Dodging
 * Level 3.9(3.3) Stealth
 + Level 2.7(2.1) Spellcasting
 + Level 4.0(3.4) Hexes


You had 4 spell levels left.
You knew the following spells:

 Your Spells              Type           Power        Failure   Level  Hunger
a - Corona                Hex            ##.....      6%          1    #......
b - Ensorcelled Hibernat  Hex/Ice        #.....       17%         2    ##.....


Dungeon Overview and Level Annotations

Branches:
Dungeon (2/16)

Altars:
the Shining One


Innate Abilities, Weirdness & Mutations

You are tiny and cannot use many weapons and most armour.
You have supernaturally acute eyesight.
You are a herbivore.
You cover ground extremely quickly.
You need consume almost no food.


Message History

The worm is heavily wounded.
The worm closely misses you.
You hit the worm but do no damage.
You feel guilty. "You will pay for your transgression, mortal!"
You drain the worm!
The worm is heavily wounded.
You hit the worm.
You feel guilty. "You will pay for your transgression, mortal!"
You drain the worm!
The worm is almost dead.
The worm bites you!
Ouch! That really hurt!
* * * LOW HITPOINT WARNING * * *
You barely miss the worm.
The worm is almost dead.
You hit the worm.
The worm is almost dead.
The worm bites you!
Ouch! That really hurt!
You die...

.# .# #######.###
#.........#
#....$....#
###...<.....#
#....[......###
....#...@........
# #...w.....###
#.........#
##.######## #. #.
#.


You could see a worm.

Vanquished Creatures
  A gnoll (D:1)
  A giant mite (D:1)
  A ball python (D:1)
  3 bats (D:1)
  3 goblins (D:1)
  3 hobgoblins (D:1)
  A giant newt (D:1)
  3 kobolds (D:1)
  2 rats (D:1)
18 creatures vanquished.

Notes
Turn   | Place    | Note
--------------------------------------------------------------
     0 | D:1      | Drahman, the Spriggan Enchanter, began the quest for the Orb.
     0 | D:1      | Reached XP level 1. HP: 9/9 MP: 4/4
   180 | D:1      | Reached XP level 2. HP: 10/13 MP: 7/7
   506 | D:1      | Reached skill level 4 in Hexes
   557 | D:1      | Reached XP level 3. HP: 16/16 MP: 9/9
   625 | D:1      | Learned a level 2 spell: Ensorcelled Hibernation
   860 | D:1      | Found a glowing golden altar of the Shining One.
   975 | D:1      | Became a worshipper of the Shining One
   998 | D:2      | Was placed under penance by the Shining One
  1007 | D:2      | Mangled by a worm

Action                   || total
-------------------------++-------
Melee: Dagger            ||    63
 Stab: Sleeping          ||     2
